 Dungeon Sprint DCSS version 0.19.5 (webtiles) character file.

1484 dwjmeijer the Unseen (level 8, -3/36 HPs)
             Began as a Spriggan Enchanter on May 4, 2017.
             Was the Champion of Zin.
             Killed by an exploding ballistomycete spore (39 damage)
             ... in the Dungeon (Sprint I: "Red Sonja").
             The game lasted 00:02:03 (533 turns).

dwjmeijer the Unseen (Spriggan Enchanter)            Turns: 533, Time: 00:02:04

Health: -3/36      AC:  4    Str:  4    XL:     8   Next: 50%
Magic:  22/22      EV: 17    Int: 17    God:    Zin [******]
Gold:   520        SH:  0    Dex: 18    Spells: 5 memorised, 13 levels left

rFire  . . .     SeeInvis +     k - +2 dagger (distort)
rCold  . . .     Gourm    .     l - +0 troll leather armour
rNeg   . . .     Faith    .     (shield restricted)
rPois  .         Spirit   .     (helmet restricted)
rElec  .         Reflect  .     (no cloak)
rCorr  .         Harm     .     (gloves unavailable)
MR     +....     NoTele   +     (boots unavailable)
Stlth  ++........               (no amulet)
                                (no ring)
                                (no ring)

@: confused, very quick
A: unfitting armour, see invisible, herbivore 3, speed 3, slow metabolism 2
a: Recite, Vitalisation, Imprison, Sanctuary, Donate Gold, Cure All Mutations,
Renounce Religion


You were in the Dungeon.
You worshipped Zin.
Zin was exalted by your worship.
You were not hungry.

You visited 1 branch You collected 540 gold pieces.
You donated 20 gold pieces to Zin.

Inventory:

Hand Weapons
 a - a +1 dagger
 k - a +2 dagger of distortion (weapon)
Armour
 b - a +1 robe
 l - a +0 troll leather armour (worn)
Scrolls
 j - a scroll of blinking
 n - a scroll of enchant armour {unknown}
Potions
 e - a potion of curing
 f - a potion of heal wounds
 g - a potion of haste
 h - 2 potions of magic
 i - a potion of berserk rage
 m - a potion of flight {unknown}
Books
 c - a book of Maledictions

   Spells                             Type                      Level
   a - Corona                         Hexes                        1
   b - Ensorcelled Hibernation        Hexes/Ice                    2
   c - Confuse                        Hexes                        3
   d - Tukima's Dance                 Hexes                        3
   e - Dazzling Spray                 Conjuration/Hexes            3
Comestibles
 d - a bread ration


   Skills:
 - Level 1.1 Short Blades
 - Level 3.0 Dodging
 + Level 18.1 Stealth
 - Level 9.1 Spellcasting
 + Level 14.6 Hexes


You had 13 spell levels left.
You knew the following spells:

 Your Spells              Type           Power        Failure   Level  Hunger
a - Corona                Hex            ######.      1%          1    None
b - Ensorcelled Hibernat  Hex/Ice        ####..       1%          2    None
c - Confuse               Hex            ######..     1%          3    None
d - Dazzling Spray        Conj/Hex       ####..       2%          3    None
e - Tukima's Dance        Hex            ######..     1%          3    None


Dungeon Overview and Level Annotations

Branches:
Dungeon (1/1)

Altars:
Cheibriados
Dithmenos
Elyvilon
Fedhas
Gozag
Hepliaklqana
Kikubaaqudgha
Nemelex Xobeh
Okawaru
Qazlal
Ru
Sif Muna
Trog
Uskayaw
Vehumet
Yredelemnul
Zin
The Shining One

Shops:
D ?[


Innate Abilities, Weirdness & Mutations

You are very small and have problems with some larger weapons.
You are too small for most types of armour.
You have supernaturally acute eyesight. (SInv)
You are a herbivore.
You cover ground extremely quickly.
You need consume almost no food.


Message History

You open the door.
Found a fuming black potion and 12 gold pieces.
Found a robe and a scroll labeled VYGAKA SIANN.
There is an open door here.
You now have 520 gold pieces (gained 12).
m - a fuming black potion You see here a robe.
n - a scroll labeled VYGAKA SIANN You see here a robe.
There is an open door here.
There is an open door here.
You open the door. 2 ballistomycete spores come into view.
Found five items.
The ballistomycete spore waves its rhizomes.
The ballistomycete spore explodes!
The explosion of spores engulfs you!
You are confused.
Ouch! That really hurt!
You die...

#..####..#)..#%#
#..#__####..##)#
#..#_____##'#..+
#⌠⌠#_.∩...'..._#
####_..__##_(#'##+###
#_____###(#.#..[.###
#########.####'###(##
+...'..†..'(∩#
#.@.########## ##.##
#'# *$!


$!%/$ ####### You could see a ballistomycete spore (dormant).

Vanquished Creatures
  Sonja (D)
  A deep troll (D)
  Sigmund (D)
  A yak (D)
  An ogre (D)
  A jelly (D)
  Ijyb (D)
7 creatures vanquished.

Vanquished Creatures (others)
  A gargoyle (D)
1 creature vanquished.

Grand Total: 8 creatures vanquished

Notes
Turn   | Place    | Note
-------+----------+-------------------------------------------
     0 | D        | dwjmeijer the Spriggan Enchanter began the quest for the Orb.
     0 | D        | Reached XP level 1. HP: 9/9 MP: 5/5
     2 | D        | Noticed Ijyb
     6 | D        | Killed Ijyb
     6 | D        | Reached skill level 6 in Stealth
     6 | D        | Reached skill level 5 in Hexes
     6 | D        | Reached XP level 2. HP: 13/13 MP: 5/8
    37 | D        | Learned a level 2 spell: Ensorcelled Hibernation
    38 | D        | Noticed an ogre
    40 | D        | Killed an ogre
    40 | D        | Reached skill level 9 in Stealth
    40 | D        | Reached XP level 3. HP: 16/16 MP: 9/12
    40 | D        | Reached XP level 4. HP: 21/21 MP: 9/13
    78 | D        | Learned a level 3 spell: Confuse
    82 | D        | Learned a level 3 spell: Dazzling Spray
    83 | D        | Noticed Sigmund
    85 | D        | Killed Sigmund
    85 | D        | Reached skill level 11 in Stealth
    85 | D        | Reached XP level 5. HP: 24/24 MP: 13/17
    85 | D        | Reached XP level 6. HP: 28/28 MP: 14/19
    90 | D        | Learned a level 3 spell: Tukima's Dance
   101 | D        | Found a deep blue altar of Sif Muna.
   103 | D        | Found a radiant altar of Vehumet.
   107 | D        | Reached skill level 12 in Stealth
   124 | D        | Found Nara's Magic Scroll Emporium.
   124 | D        | Found an ancient bone altar of Kikubaaqudgha.
   124 | D        | Found a hazy altar of Hepliaklqana.
   124 | D        | Found a stormy altar of Qazlal.
   124 | D        | Found a hide-covered altar of Uskayaw.
   124 | D        | Found a blossoming altar of Fedhas.
   124 | D        | Found a bloodstained altar of Trog.
   124 | D        | Found an iron altar of Okawaru.
   124 | D        | Found a basalt altar of Yredelemnul.
   124 | D        | Found a glowing golden altar of the Shining One.
   124 | D        | Found a snail-covered altar of Cheibriados.
   124 | D        | Found a sacrificial altar of Ru.
   124 | D        | Found a glowing silver altar of Zin.
   124 | D        | Found a shadowy altar of Dithmenos.
   124 | D        | Found a white marble altar of Elyvilon.
   124 | D        | Noticed a yak
   125 | D        | Found an opulent altar of Gozag.
   127 | D        | Killed a yak
   127 | D        | Reached skill level 13 in Stealth
   128 | D        | Found a sparkling altar of Nemelex Xobeh.
   136 | D        | Became a worshipper of Zin the Law-Giver
   136 | D        | Reached * piety under Zin
   136 | D        | Reached ** piety under Zin
   136 | D        | Reached *** piety under Zin
   136 | D        | Reached **** piety under Zin
   136 | D        | Reached ***** piety under Zin
   136 | D        | Reached ****** piety under Zin
   157 | D        | Noticed Sonja
   163 | D        | Killed a gargoyle
   171 | D        | Killed Sonja
   171 | D        | Reached skill level 16 in Stealth
   171 | D        | Reached XP level 7. HP: 3/32 MP: 12/20
   475 | D        | Noticed a deep troll
   479 | D        | Killed a deep troll
   479 | D        | Reached skill level 18 in Stealth
   479 | D        | Reached XP level 8. HP: 36/36 MP: 22/22
   500 | D        | Found Toto's Armour Emporium.
   533 | D        | Killed by an exploding ballistomycete spore

Skill      XL: |  1  2  3  4  5  6  7 |
---------------+----------------------+-----
Stealth        | 6 9 11 16 18 | 18.1
Spellcasting   | 4 6 9 |  9.1
Hexes          | 5 7 9 13 14 | 14.6
Short Blades   | |  1.1
Dodging        | |  3.0

Action                   |  1- 3 |  4- 6 |  7- 9 || total
-------------------------+-------+-------+-------++-------
Melee: Dagger            |     4 |     5 |     1 ||    10
 Cast: Ensorcelled Hiber |       |     2 |       ||     2
       Confuse           |       |     1 |       ||     1
       Tukima's Dance    |       |     1 |       ||     1
 Stab: Sleeping          |     2 |     3 |     1 ||     6
       Confused          |       |     1 |       ||     1
Dodge: Dodged            |     2 |     6 |       ||     8
